 Dungeon Crawl Stone Soup version 0.22.0 (webtiles) character file.

177 EvilAliv3 the Vexing (level 5, -6/29 HPs)
             Began as a Deep Elf Arcane Marksman on Aug 23, 2018.
             Was a Follower of Makhleb.
             Mangled by jagoly's ghost (13 damage)
             ... on level 3 of the Dungeon.
             The game lasted 00:33:23 (5259 turns).

EvilAliv3 the Vexing (Deep Elf Arcane Marksman)     Turns: 5259, Time: 00:33:23

Health: -6/29      AC:  4    Str:  7    XL:     5   Next: 30%
Magic:  11/11      EV: 13    Int: 19    God:    Makhleb [*.....]
Gold:   109        SH:  0    Dex: 15    Spells: 6/10 levels left

rFire    . . .     SeeInvis .   a - +0 shortbow
rCold    . . .     Gourm    .   (shield currently unavailable)
rNeg     . . .     Faith    .   e - +0 robe
rPois    .         Spirit   .   q - +1 helmet
rElec    .         Reflect  .   (no cloak)
rCorr    .         Harm     .   (no gloves)
MR       .....                  (no boots)
Stlth    +.........             (no amulet)
HPRegen  0.09/turn              (no ring)
MPRegen  0.12/turn              (no ring)

@: no status effects
A: no striking features
a: Renounce Religion


You were on level 3 of the Dungeon.
You worshipped Makhleb.
Makhleb was aware of your devotion.
You were not hungry.

You visited 1 branch of the dungeon, and saw 3 of its levels.

You collected 109 gold pieces.

Inventory:

Hand Weapons
 a - a +0 shortbow (weapon)
 b - a +2 dagger of venom
 i - a +1 short sword of electrocution
 j - a +0 dagger
 o - a +0 mace of holy wrath
 r - a +0 short sword
Missiles
 d - 24 arrows (quivered)
Armour
 e - a +0 robe (worn)
 p - a +0 scale mail
 q - a +1 helmet (worn)
Scrolls
 c - 4 scrolls of teleportation
 n - a scroll of identify
Potions
 g - 3 potions of curing
 k - 2 potions of ambrosia
 m - a potion of agility
Comestibles
 f - 4 rations
 h - a chunk of flesh


   Skills:
 + Level 1.6 Fighting
 * Level 3.6 Bows
 + Level 3.3 Dodging
 + Level 3.0 Spellcasting
 + Level 5.0 Hexes
 + Level 1.4 Translocations


You had 6 spell levels left.
You knew the following spells:

 Your Spells              Type           Power        Failure   Level  Hunger
a - Corona                Hex            ###....      1%          1    None
b - Portal Projectile     Hex/Tloc       ###...       12%         3    ###....

Your spell library contained the following spells:

 Spells                   Type           Power        Failure   Level  Hunger
 Cause Fear               Hex            ###.......   19%         4    ####...
 Slow                     Hex            ###.....     3%          2    ##.....
 Leda's Liquefaction      Hex/Erth       ##........   47%         4    ####...
 Inner Flame              Hex/Fire       ##......     16%         3    ###....


Dungeon Overview and Level Annotations

Branches:
Dungeon (3/15)

Altars:
Makhleb
Ru

Annotations:
D:3 jagoly's ghost, weakling MiBe


Message History

You shoot an arrow. The arrow hits jagoly's ghost.
Jagoly's ghost is severely damaged.
You hear a splash.
Jagoly's ghost barely misses you.
Firing (i - inventory)
d - 26 arrows (quivered)
Press: ? - help, Shift-Dir - straight line, f/p - jagoly's ghost
Aim: jagoly's ghost (severely damaged)
You shoot an arrow. The arrow hits jagoly's ghost.
Jagoly's ghost is severely damaged.
You hear a splash.
Jagoly's ghost hits you but does no damage.
Jagoly's ghost closely misses you.
Firing (i - inventory)
d - 25 arrows (quivered)
Press: ? - help, Shift-Dir - straight line, f/p - jagoly's ghost
Aim: jagoly's ghost (severely damaged)
You shoot an arrow. The arrow hits jagoly's ghost.
Jagoly's ghost is almost destroyed.
You hear a splash.
Jagoly's ghost hits you!
You die...

#....(...##
#.#########
#........# #.#
#####.#### #.# #.#
#.# #.## #.# #..#
#.#
##.#############.#
#..#≈≈≈≈≈≈≈≈≈#..#
#(.'≈≈≈W@≈≈≈≈'..#
##.#≈≈≈≈≈≈≈≈≈#.##
###############


You could see jagoly's ghost.

Vanquished Creatures
  Robin (D:2)
  2 gnolls
  3 adders
  2 river rats (D:3)
  2 worms (D:3)
  2 dart slugs
  2 ball pythons (D:3)
  8 bats
  6 giant cockroaches
  20 goblins
  9 hobgoblins
  4 jackals (D:3)
  A quokka (D:2)
  11 frilled lizards
  5 kobolds
  11 rats
89 creatures vanquished.

Notes
Turn   | Place    | Note
-------+----------+-------------------------------------------
     0 | D:1      | EvilAliv3 the Deep Elf Arcane Marksman began the quest for the Orb.
     0 | D:1      | Reached XP level 1. HP: 11/11 MP: 5/5
   566 | D:1      | Reached XP level 2. HP: 14/16 MP: 6/6
   719 | D:1      | Reached skill level 1 in Fighting
  1211 | D:2      | Reached XP level 3. HP: 20/20 MP: 6/8
  1216 | D:2      | Learned a level 3 spell: Portal Projectile
  1659 | D:2      | Found a burning altar of Makhleb.
  1674 | D:2      | Became a worshipper of Makhleb the Destroyer
  2413 | D:2      | Noticed Robin
  2450 | D:1      | Reached skill level 1 in Translocations
  3056 | D:2      | Reached XP level 4. HP: 25/25 MP: 7/9
  3080 | D:2      | Killed Robin
  3665 | D:2      | Found a sacrificial altar of Ru.
  4108 | D:3      | Reached * piety under Makhleb
  4489 | D:3      | Reached XP level 5. HP: 16/29 MP: 9/11
  4521 | D:3      | Found a runed door.
  4524 | D:3      | Noticed jagoly's ghost (weakling MiBe)
  5064 | D:3      | Reached skill level 5 in Hexes
  5209 | D:3      | Found a runed door.
  5259 | D:3      | Mangled by jagoly's ghost

Skill      XL: |  1  2  3  4  5 |
---------------+----------------+-----
Spellcasting   | 2 3 |  3.0
Fighting       | 1 |  1.6
Translocations | 1 |  1.4
Bows           | 3 |  3.6
Dodging        | 3 |  3.3
Hexes          | 5 |  5.0

Action                   |  1- 3 |  4- 6 || total
-------------------------+-------+-------++-------
Melee: Dagger            |    36 |    57 ||    93
       Short sword       |    90 |    11 ||   101
 Fire: Shortbow          |    55 |    69 ||   124
 Cast: Corona            |    59 |    47 ||   106
  Use: Scroll            |       |     9 ||     9
 Stab: Sleeping          |       |     1 ||     1
  Eat: Chunk             |     4 |     7 ||    11
       Ration            |     1 |       ||     1
Armor: Robe              |    26 |    23 ||    49
Dodge: Dodged            |   101 |    88 ||   189
